 Dungeon Crawl Stone Soup version 0.29-a0-824-gd827844252 (webtiles) character file.

Game seed: 9174313278009559961

42 coolguy69 the Cutter (level 3, 0/20 HPs)
             Began as a Vine Stalker Monk on July 10, 2022.
             Slain by Terence
             ... wielding a +0 short sword
              (1 damage)
             ... on level 2 of the Dungeon.
             The game lasted 00:00:57 (1379 turns).

coolguy69 the Cutter (Vine Stalker Monk)            Turns: 1379, Time: 00:00:58

Health: 0/20       AC:  5    Str: 15    XL:     3   Next: 54%
Magic:  0/4        EV: 11    Int: 10    God:
Gold:   62         SH:  0    Dex: 16    Spells: 2/2 levels left

rFire   . . .      SeeInvis .   a - +0 short sword
rCold   . . .      Faith    .   (no shield)
rNeg    . . .      Spirit   +   d - +0 ring mail
rPois   .          Reflect  .   (no helmet)
rElec   .          Harm     .   (no cloak)
rCorr   .          Rampage  .   (no gloves)
Will    .....                   (no boots)
Stlth   ++........              (no amulet)
HPRegen 0.06/turn               (no ring)
MPRegen 0.09/turn               (no ring)

@: no status effects
A: fangs 2, magic shield, antimagic bite, no potion heal 2
a: no special abilities


You were on level 2 of the Dungeon.
You visited 1 branch of the dungeon, and saw 2 of its levels.

You collected 62 gold pieces.

Inventory:

Hand Weapons
 a - a +0 short sword (weapon)
Armour
 d - a +0 ring mail (worn)
Scrolls
 b - a scroll of summoning {unknown}
 e - 3 scrolls of identify {unknown}
 h - a scroll of noise {unknown}
Potions
 c - a potion of ambrosia


   Skills:
 + Level 3.1 Fighting
 + Level 3.2 Short Blades
 + Level 0.2 Armour
 + Level 2.6 Dodging
 + Level 2.9 Stealth


You had 2 spell levels left.
You didn't know any spells.
Your spell library was empty.

Dungeon Overview and Level Annotations

Branches:
Dungeon (2/15)

Altars:

Annotations:
D:2 1 runed translucent door, Crazy Yiuf, Terence


Innate Abilities, Weirdness & Mutations

You have extremely sharp teeth.
When hurt, damage is shared between your health and your magic reserves.
Your bite disrupts and absorbs the magic of your enemies.
Potions cannot restore your health.


Message History

* * * LOW HITPOINT WARNING * * *
It was a potion of curing.
That felt strangely inert.
The adder bites you but does no damage. x2
It was a potion of heal wounds.
That seemed strangely inert.
The adder closely misses you.
Okay, then.
You hit the adder.
The adder is moderately wounded.
The adder barely misses you.
You hit the adder. Your bite misses the adder.
The adder is heavily wounded.
The adder bites you but does no damage.
You closely miss the adder.
The adder is heavily wounded.
The adder bites you. The adder closely misses you.
Unknown command.
You hit the adder.
The adder is severely wounded.
The adder barely misses you.
You miss the adder. You bite the adder.
You kill the adder!
Unknown command.
You closely miss the ball python. The ball python completely misses you.
The ball python grabs you. The ball python constricts you.
* * * LOW HITPOINT WARNING * * *
Unknown command.
You escape the ball python's grasp.
You hit the ball python.
You kill the ball python!
You hit Terence. You bite Terence. You drain his power.
You feel invigorated.
Terence is lightly wounded.
Terence hits you with a +0 short sword.
You hit Terence but do no damage. Your bite misses Terence.
Terence is lightly wounded.
Terence hits you with a +0 short sword.
* * * LOW HITPOINT WARNING * * *
Terence attacks as you move away! Terence barely misses you.
Terence attacks as you move away! Terence barely misses you.
Terence attacks as you move away! Terence hits you with a +0 short sword.
You die...

.............############
#######
....$@......#.#.........
#......
....#.##.....?##.......#
####### .
##.#....)..........########
#.....††##..............#
#.#@...#..............##.###
.#.##.#.#####.#.#.#)###.##.##.
#..##.#†# #..# #...# #.##.##.
.......#.# #.@###.#######>.##.
.........####@.....####≈#......
.............##......#≈#####..
#####.################≈# #.. #.
#...≈. #.. #. #...≈. #.. #
#.≈.####.. #<..... ##.....


You could see Terence.

Vanquished Creatures
  An adder (D:2)
  2 dart slugs (D:1)
  A bat (D:2)
  An endoplasm (D:1)
  5 goblins
  3 hobgoblins
  7 jackals (D:1)
  2 ball pythons
  4 frilled lizards
  A kobold (D:1)
27 creatures vanquished.

Notes
Turn   | Place    | Note
-------+----------+-------------------------------------------
     0 | D:1      | coolguy69 the Vine Stalker Monk began the quest for the
                  | Orb.
     0 | D:1      | Reached XP level 1. HP: 11/11 MP: 2/2
   472 | D:1      | Reached XP level 2. HP: 13/16 MP: 3/3
  1054 | D:1      | Reached XP level 3. HP: 20/20 MP: 4/4
  1254 | D:2      | Found a runed translucent door.
  1255 | D:2      | Noticed Crazy Yiuf
  1351 | D:2      | Noticed Terence
  1371 | D:2      | HP: 1/20 [Terence/+0 short sword (1)]
  1379 | D:2      | Slain by Terence

Illustrated notes

Levels and vault maps discovered:
D:1:      matt_arrival_los_fun, layout_loops_corners
D:2:      layout_loops_ring, hellmonk_ecumenical_altar_slurped_away,
          chequers_serial_rivers_micro_a, uniq_terence, uniq_crazy_yiuf_cottage

Skill      XL: |  1  2 |
---------------+-------+-----
Short Blades   | 3 |  3.2
Fighting       | 3 |  3.1
Armour         | |  0.2
Dodging        | |  2.6
Stealth        | |  2.9

Action                   || total
-------------------------++-------
Melee: Short sword       ||    73
       Bite              ||    17
       Punch             ||     1
  Use: Potion            ||     2
 Stab: Sleeping          ||     3
Armor: Ring mail         ||    27
Dodge: Dodged            ||    49

Table legend: (Time is in decaauts)
 A = Elapsed time spent in this place.
 B = Non-inter-level travel time spent in this place.
 C = Inter-level travel time spent in this place.
 D = Time resting spent in this place.
 E = Time spent auto-exploring this place.
 F = Levels seen in this place.
 G = Mean time per level.
                   A        B        C        D        E       F      G
               +--------+--------+--------+--------+--------+-----+--------+
         Total |   1375 |   1329 |     46 |      0 |   1149 |   2 |  687.5 |
       Dungeon |   1375 |   1329 |     46 |      0 |   1149 |   2 |  687.5 |
               +--------+--------+--------+--------+--------+-----+--------+

Top non-repeatable levels by time:
     D:1: 1191 daAuts
     D:2: 183 daAuts
